[ AOE2 MATCH · #477653752 ]
Team RMVietnamese vs Goths
[ REPLAY ANALYSIS · EXTRACTED FROM THE RECORDED GAME ]
Feudal
—
Castle
—
Imperial
—
| APM avg | 34.0 |
| APM peak | 79 |
| eAPM avg | 8.0 |
| Villagers / military | 12 / 0 |
Focus
⚔️ 0.0% · 🌾 100.0%
Feudal
—
Castle
—
Imperial
—
| APM avg | 44.0 |
| APM peak | 63 |
| eAPM avg | 7.3 |
| Villagers / military | 13 / 0 |
Focus
⚔️ 0.0% · 🌾 100.0%
Feudal
—
Castle
—
Imperial
—
| APM avg | 25.2 |
| APM peak | 38 |
| eAPM avg | 13.3 |
| Villagers / military | 12 / 0 |
Focus
⚔️ 16.7% · 🌾 83.3%
Feudal
—
Castle
—
Imperial
—
| APM avg | 19.1 |
| APM peak | 35 |
| eAPM avg | 8.0 |
| Villagers / military | 16 / 0 |
Focus
⚔️ 0.0% · 🌾 100.0%
Feudal
—
Castle
—
Imperial
—
| APM avg | 31.9 |
| APM peak | 46 |
| eAPM avg | 5.8 |
| Villagers / military | 11 / 0 |
Focus
⚔️ 0.0% · 🌾 100.0%
Feudal
—
Castle
—
Imperial
—
| APM avg | 21.1 |
| APM peak | 48 |
| eAPM avg | 9.3 |
| Villagers / military | 13 / 0 |
Focus
⚔️ 17.2% · 🌾 82.8%
Feudal
—
Castle
—
Imperial
—
| APM avg | 10.1 |
| APM peak | 22 |
| eAPM avg | 6.0 |
| Villagers / military | 9 / 0 |
Focus
⚔️ 0.0% · 🌾 100.0%
Feudal
—
Castle
—
Imperial
—
| APM avg | 26.4 |
| APM peak | 32 |
| eAPM avg | 10.8 |
| Villagers / military | 16 / 0 |
Focus
⚔️ 0.0% · 🌾 100.0%
Match map
Initial resources + every placement click. Lines = walls · curves = elevation contours. ◆ gold · ⬟ stone · ● berries · ✦ relic · ◌ wall gap
Inputs per minute
— chipmunk840710 - - Rough-Rider
Build order — chipmunk840710
15 actions detected in the replay
| 0:00 | Create | Villager (Male) |
| 0:01 | Create | Villager (Male) |
| 0:02 | Build | House |
| 0:04 | Build | House |
| 0:09 | Create | Villager (Male) |
| 0:09 | Create | Villager (Male) |
| 0:09 | Create | Villager (Male) |
| 1:25 | Create | Villager (Male) |
| 1:26 | Create | Villager (Male) |
| 1:48 | Build | Lumber Camp |
| 2:27 | Create | Villager (Male) |
| 2:27 | Create | Villager (Male) |
| 2:27 | Create | Villager (Male) |
| 2:52 | Create | Villager (Male) |
| 2:52 | Create | Villager (Male) |
Build order — Rough-Rider
17 actions detected in the replay
| 0:03 | Create | Villager (Male) |
| 0:03 | Create | Villager (Male) |
| 0:03 | Create | Villager (Male) |
| 0:04 | Create | Villager (Male) |
| 0:04 | Create | Villager (Male) |
| 0:08 | Build | House |
| 0:11 | Build | House |
| 0:15 | Build | House |
| 1:58 | Create | Villager (Male) |
| 2:07 | Create | Villager (Male) |
| 2:07 | Create | Villager (Male) |
| 2:08 | Create | Villager (Male) |
| 2:25 | Create | Villager (Male) |
| 2:51 | Create | Villager (Male) |
| 3:05 | Build | Lumber Camp |
| 3:15 | Create | Villager (Male) |
| 3:46 | Create | Villager (Male) |
Build order — Starcrazy360
16 actions detected in the replay
| 0:00 | Create | Villager (Male) |
| 0:01 | Create | Villager (Male) |
| 0:01 | Create | Villager (Male) |
| 0:01 | Create | Villager (Male) |
| 0:02 | Build | House |
| 0:04 | Build | House |
| 1:12 | Create | Villager (Male) |
| 1:12 | Create | Villager (Male) |
| 2:07 | Create | Villager (Male) |
| 2:15 | Create | Villager (Male) |
| 2:39 | Create | Villager (Male) |
| 2:39 | Create | Villager (Male) |
| 3:09 | Create | Villager (Male) |
| 3:34 | Create | Villager (Male) |
| 3:41 | Build | House |
| 3:45 | Build | Mill |
Build order — Junran
19 actions detected in the replay
| 0:04 | Build | House |
| 0:05 | Build | House |
| 0:06 | Create | Villager (Male) |
| 0:07 | Create | Villager (Male) |
| 0:07 | Create | Villager (Male) |
| 0:07 | Create | Villager (Male) |
| 0:07 | Create | Villager (Male) |
| 1:33 | Create | Villager (Male) |
| 1:33 | Create | Villager (Male) |
| 2:00 | Create | Villager (Male) |
| 2:19 | Create | Villager (Male) |
| 2:20 | Create | Villager (Male) |
| 2:54 | Create | Villager (Male) |
| 2:55 | Create | Villager (Male) |
| 2:55 | Create | Villager (Male) |
| 2:55 | Create | Villager (Male) |
| 3:32 | Create | Villager (Male) |
| 3:33 | Create | Villager (Male) |
| 3:50 | Build | Lumber Camp |
Build order — -_ElCrAkEn_-
15 actions detected in the replay
| 0:01 | Research | Loom |
| 0:02 | Create | Villager (Male) |
| 0:02 | Create | Villager (Male) |
| 0:02 | Create | Villager (Male) |
| 0:02 | Create | Villager (Male) |
| 0:03 | Build | House |
| 0:05 | Build | House |
| 0:06 | Build | House |
| 1:44 | Create | Villager (Male) |
| 2:29 | Create | Villager (Male) |
| 2:55 | Create | Villager (Male) |
| 2:55 | Create | Villager (Male) |
| 3:25 | Create | Villager (Male) |
| 3:25 | Create | Villager (Male) |
| 3:26 | Create | Villager (Male) |
Build order — harald
18 actions detected in the replay
| 0:01 | Create | Villager (Male) |
| 0:01 | Create | Villager (Male) |
| 0:02 | Create | Villager (Male) |
| 0:02 | Create | Villager (Male) |
| 0:02 | Research | Loom |
| 0:14 | Build | House |
| 0:17 | Build | House |
| 0:19 | Build | House |
| 0:25 | Create | Villager (Male) |
| 0:25 | Create | Villager (Male) |
| 0:26 | Create | Villager (Male) |
| 0:26 | Create | Villager (Male) |
| 1:47 | Create | Villager (Male) |
| 2:47 | Create | Villager (Male) |
| 2:48 | Create | Villager (Male) |
| 2:54 | Build | Lumber Camp |
| 3:49 | Create | Villager (Male) |
| 3:50 | Create | Villager (Male) |
Build order — BABA_CHUTMARIKE
11 actions detected in the replay
| 0:09 | Create | Villager (Male) |
| 0:09 | Create | Villager (Male) |
| 0:11 | Build | House |
| 0:13 | Build | House |
| 0:17 | Create | Villager (Male) |
| 0:17 | Create | Villager (Male) |
| 1:53 | Create | Villager (Male) |
| 1:53 | Create | Villager (Male) |
| 1:53 | Create | Villager (Male) |
| 1:53 | Create | Villager (Male) |
| 1:53 | Create | Villager (Male) |
Build order — Estrateban
19 actions detected in the replay
| 0:04 | Create | Villager (Male) |
| 0:04 | Create | Villager (Male) |
| 0:04 | Create | Villager (Male) |
| 0:04 | Create | Villager (Male) |
| 0:05 | Create | Villager (Male) |
| 0:08 | Build | House |
| 0:12 | Build | House |
| 1:32 | Create | Villager (Male) |
| 1:53 | Build | Lumber Camp |
| 2:11 | Create | Villager (Male) |
| 2:12 | Create | Villager (Male) |
| 2:23 | Create | Villager (Male) |
| 2:23 | Create | Villager (Male) |
| 2:53 | Create | Villager (Male) |
| 2:54 | Create | Villager (Male) |
| 3:09 | Create | Villager (Male) |
| 3:09 | Create | Villager (Male) |
| 3:50 | Create | Villager (Male) |
| 3:50 | Create | Villager (Male) |
Match timeline
| 1:53 | BABA_CHUTMARIKE · resign |
[ AI ANALYSIS · 1 CREDIT ]
What really happened in this match?
Wolo.gg analyzes every decision: build order, eco, micro, common mistakes by bracket. Personalized analysis on WhatsApp or Discord in 30 seconds.
Civ guide
Vietnamese
Map guide
Arena
Perfil
chipmunk840710